 Dungeon Crawl Stone Soup version 0.14-a0-805-gc239e29 (webtiles) character file.

57 Jake482 the Magician (level 2, -1/11 HPs)
             Began as a Deep Elf Wizard on Nov 11, 2013.
             Slain by a hobgoblin
             ... wielding a +0,+1 orcish club
              (3 damage)
             ... on Level 1 of the Dungeon.
             The game lasted 00:12:21 (705 turns).

Jake482 the Magician (Deep Elf Wizard)               Turns: 705, Time: 00:12:21

HP  -1/11        AC  3     Str  4      XL: 2   Next: 34%
MP   1/10        EV 10     Int 22      God:
Gold 42          SH  0     Dex 13      Spells:  2 memorised,  6 levels left

Res.Fire  : . . .   See Invis. : .   f - +0 dagger
Res.Cold  : . . .   Warding    : .   e - +0 leather armour (curse)
Life Prot.: . . .   Conserve   : .   (no shield)
Res.Poison: .       Res.Corr.  : .   b - +0 elf wizard hat (curse)
Res.Elec. : .       Clarity    : .   (no cloak)
Sust.Abil.: . .     Spirit.Shd : .   (no gloves)
Res.Mut.  : .       Stasis     : .   (no boots)
Res.Rott. : .       Flight     : .   (no amulet)
Saprovore : . . .                    (no ring)
                                     (no ring)

@: not resistant to hostile enchantments, fairly stealthy
A: talons 1, -10% hp
a: no special abilities


You were on level 1 of the Dungeon.
You were not hungry.

You visited 1 branch of the dungeon, and saw 1 of its levels.

You collected 42 gold pieces.

Inventory:

Hand weapons
 f - a +0,+0 dagger (weapon)
Armour
 a - a +0 elven robe
 b - a cursed +0 elven wizard hat (worn)
 e - a cursed +0 leather armour (worn)
Comestibles
 d - a bread ration
 j - a meat ration
Scrolls
 i - a scroll of amnesia {unknown}
Jewellery
 g - an uncursed amulet of rage {unknown}
Potions
 h - 2 potions of curing {unknown}
Books
 c - a book of Minor Magic

   Spells                             Type                      Level
   *Magic Dart                        Conjuration                  1
   Blink                              Translocation                2
   *Call Imp                          Summoning                    2
   Repel Missiles                     Charms/Air                   2
   Slow                               Hexes                        2
   Conjure Flame                      Conjuration/Fire             3
   Mephitic Cloud                     Conjuration/Poison/Air       3


   Skills:
 - Level 2.4 Dodging
 - Level 2.4 Stealth
 - Level 4.4 Spellcasting
 + Level 2.6 Conjurations
 - Level 1.1 Summonings
   Level 1.1 Translocations


You had 6 spell levels left.
You knew the following spells:

 Your Spells              Type           Power        Failure   Level  Hunger
a - Magic Dart            Conj           ###.         4%          1    None
b - Call Imp              Summ           #.........   12%         2    None


Dungeon Overview and Level Annotations

Branches:
Dungeon (1/27)

Altars:


Innate Abilities, Weirdness & Mutations

You have sharp toenails.
You are frail (-10% HP).


Message History

Confirm with . or Enter, or press ? or * to list all spells.
Aiming: Magic Dart
Press: ? - help, Shift-Dir - straight line, f - hobgoblin
Aim: a hobgoblin, wielding an orcish club (hasn't noticed you)
The magic dart hits the hobgoblin.
The hobgoblin is heavily wounded.
Casting: Magic Dart
Confirm with . or Enter, or press ? or * to list all spells.
Aiming: Magic Dart
Press: ? - help, Shift-Dir - straight line, f/p - hobgoblin
Aim: a hobgoblin, wielding an orcish club (heavily wounded)
The magic dart hits the hobgoblin.
The hobgoblin is heavily wounded.
You hit the hobgoblin but do no damage. You claw the hobgoblin.
The hobgoblin is almost dead.
The hobgoblin barely misses you.
You closely miss the hobgoblin. Your kick misses the hobgoblin.
The hobgoblin is severely wounded.
The hobgoblin hits you with an orcish club.
You die...

#####.# #.# # #. #.# .. #
#####.#### .. . ...
#####...#....# #.### #
#..###...#...#....####...# ..
.........#...#...........# ..
..........55.....)........# ..
#........######%###.......###
.....##...# #@g..# #...#.....#
###...(..#...# #.%..#
#.........#
...........55###....#
##.5......#
####.......)h##...#.#
#.ยง...####
#####...#.....#...#.# #.....#
........#.........#.. #.....#
........##......###... #.....#
.....#.###......###....####..#
...%.............##.### #..#


You could see a hobgoblin.

Vanquished Creatures
  A hobgoblin (D:1)
  2 kobolds (D:1)
  2 bats (D:1)
  A giant cockroach (D:1)
  A giant gecko (D:1)
  A giant newt (D:1)
  3 goblins (D:1)
  A jackal (D:1)
  A rat (D:1)
13 creatures vanquished.

Vanquished Creatures (collateral kills)
  A goblin (D:1)
  2 jackals (D:1)
  A bat (D:1)
  A kobold (D:1)
5 creatures vanquished.

Grand Total: 18 creatures vanquished

Notes
Turn   | Place    | Note
--------------------------------------------------------------
     0 | D:1      | Jake482, the Deep Elf Wizard, began the quest for the Orb.
     0 | D:1      | Reached XP level 1. HP: 8/8 MP: 7/7
   311 | D:1      | Reached XP level 2. HP: 3/13 MP: 0/10
   511 | D:1      | Gained mutation: You are frail (-10% HP). [potion of mutation]
   511 | D:1      | Gained mutation: You have sharp toenails. [potion of mutation]
   578 | D:1      | Learned a level 2 spell: Call Imp
   705 | D:1      | Slain by a hobgoblin

Action                   || total
-------------------------++-------
Melee: Dagger            ||    12
 Cast: Magic Dart        ||    23
       Call Imp          ||     8
  Use: Scroll            ||     2
       Potion            ||     2
